Map: King's Cove LE

Players

Probe

  • Race: Protoss Protoss
  • Spawn Location: 5:00

Neeb - Winner!

  • Race: Protoss Protoss
  • Spawn Location: 11:00

Event: 2019 WCS Spring

VOD

Have the link to the VOD?

Description

Time

  • Played on: May 18, 2019, 12:56 p.m.
  • Length: 9:21

All games in this series

Show
View Real Time Build Order
Export as new Build Order

Probe Protoss 

Build Orders: Oracle Opening 

Get SALT Encoding   

  12  0:00  Probe  
  13  0:12  Probe  
  14  0:18  Pylon  
  14  0:24  Probe  
  15  0:32  Probe  
  15  0:38  Gateway  
  15  0:41  Probe  
  16  0:47  Assimilator  
  17  0:51  Probe  
  17  0:56  Assimilator  
  18  0:59  Probe  
  19  1:08  Probe  
  19  1:09  Gateway  
  20  1:18  Probe  
  21  1:26  Cybernetics Core  
  21  1:30  Probe  
  22  1:36  Pylon  
  22  1:42  Probe  
  23  1:52  Pylon  
  23  1:54  Probe  
  24  2:04  Adept x2  
  24  2:08  Warp Gate  
  28  2:19  Stargate  
  28  2:27  Probe  
  29  2:34  Stalker  
  31  2:37  Stalker  
  33  2:51  Pylon  
  33  2:52  Oracle  
  32  3:31  Oracle  
  30  3:43  Probe  
  29  3:57  Probe  
  28  4:04  Nexus  
  28  4:09  Probe  
  25  4:19  Probe  
  23  4:27  Probe  
  24  4:35  Probe  
  24  4:36  Stalker  
  27  4:47  Probe  
  28  4:54  Stalker  
  28  4:59  Probe  
  28  5:11  Probe  
  29  5:16  Probe  
  29  5:19  Probe  
  29  5:21  Robotics Facility  
  30  5:27  Probe  
  31  5:28  Probe  
  33  5:38  Probe  
  33  5:40  Probe  
  35  5:46  Stalker  
  37  5:52  Stalker  
  36  6:02  Shield Battery  
  36  6:13  Stalker  
  36  6:20  Probe x2  
  36  6:22  Immortal  
  42  6:35  Sentry  
  42  6:38  Probe  
  44  6:42  Probe  
  44  6:51  Stalker  
  46  6:57  Pylon  
  46  7:11  Probe x2  
  46  7:13  Robotics Bay  
  48  7:19  Probe x2  
  48  7:29  Probe  
  50  7:30  Pylon  
  50  7:32  Probe  
  50  7:37  Probe  
  52  7:40  Probe  
  53  7:45  Probe  
  53  7:49  Pylon, Probe, Adept x2  
  59  7:56  Probe  
  60  8:01  Probe  
  60  8:04  Pylon  
  61  8:06  Disruptor  
  61  8:10  Probe  
  65  8:13  Probe  
  65  8:19  Assimilator  
  66  8:22  Assimilator, Probe  
  66  8:25  Probe  
  68  8:32  Disruptor  
  66  8:34  Probe  
  66  8:37  Probe  
  66  8:43  Robotics Facility  
  66  8:46  Probe  
  70  8:50  Adept x2  
  70  8:53  Pylon  
  70  8:55  Pylon  
  74  9:05  Nexus  
  74  9:10  Pylon  
Show
View Real Time Build Order
Export as new Build Order

Neeb Protoss - Winner!

Build Orders: Oracle Opening 

Get SALT Encoding   

  12  0:00  Probe  
  13  0:12  Probe  
  14  0:17  Pylon  
  14  0:24  Probe  
  15  0:32  Probe  
  15  0:38  Gateway  
  15  0:40  Probe  
  16  0:46  Assimilator  
  17  0:51  Probe  
  17  0:56  Assimilator  
  18  1:00  Probe  
  19  1:08  Probe, Gateway  
  19  1:17  Probe  
  21  1:26  Cybernetics Core  
  21  1:30  Probe  
  22  1:38  Pylon  
  22  1:42  Probe  
  23  1:56  Probe  
  24  2:02  Stargate  
  24  2:11  Stalker  
  24  2:13  Stalker  
  28  2:21  Pylon  
  28  2:25  Warp Gate  
  28  2:31  Pylon  
  28  2:33  Probe  
  29  2:40  Oracle  
  32  2:54  Shield Battery  
  32  3:08  Oracle  
  32  3:13  Shield Battery  
  35  3:20  Probe  
  36  3:27  Shield Battery  
  36  3:32  Probe  
  36  3:40  Pylon  
  36  3:47  Robotics Facility  
  35  3:54  Probe  
  34  4:06  Phoenix, Probe  
  37  4:22  Nexus  
  37  4:26  Stalker  
  39  4:31  Stalker  
  40  4:40  Probe  
  39  4:50  Twilight Council  
  39  4:52  Probe  
  40  5:05  Probe  
  39  5:13  Blink  
  39  5:15  Stalker x2, Probe  
  44  5:23  Probe  
  45  5:31  Probe x2  
  47  5:43  Probe  
  47  5:46  Stalker  
  47  5:47  Stalker  
  47  5:48  Probe  
  52  5:57  Probe  
  52  6:00  Probe  
  54  6:09  Probe  
  55  6:12  Probe  
  54  6:19  Forge  
  54  6:21  Stalker, Sentry, Probe x2  
  60  6:25  Pylon  
  60  6:28  Observer  
  61  6:33  Probe  
  61  6:39  Pylon  
  62  6:42  Probe  
  62  6:45  Probe, Pylon  
  64  6:54  Probe  
  64  6:57  Assimilator, Protoss Ground Weapons Level 1  
  64  6:58  Probe  
  66  7:05  Sentry  
  66  7:06  Probe  
  69  7:10  Probe  
  69  7:14  Charge  
  69  7:15  Gateway  
  70  7:16  Gateway  
  70  7:28  Probe  
  71  7:37  Gateway  
  71  7:38  Gateway  
  71  7:40  Gateway  
  71  7:43  Gateway, Warp Prism  
  73  7:57  Nexus  
  73  8:01  Pylon  
  73  8:09  Zealot x3  
  80  8:20  Observer, Pylon  
  80  8:28  Stalker  
  82  8:34  Zealot  
  82  8:35  Zealot x4  
  92  8:46  Pylon  
  92  8:47  Observer, Pylon  
  93  9:08  Zealot x5  
  93  9:09  Zealot  
  105  9:11  Zealot  
Tags
 
Add a new tag
Caveats
  • Supply blocks, unpowered buildings, or Contaminate may cause inaccurate times.
  • Supply counts are checked every 10 seconds.